 Dungeon Crawl Stone Soup version 0.31.0-32-g396128a36d (webtiles) character file.

Game seed: 1428354831427187991

2118 BigDaddyOpFi the Mimic (level 9, -21/53 HPs)
             Began as an Octopode Shapeshifter on Apr 16, 2024.
             Killed from afar by Maggie (37 damage)
             ... with a bolt of fire
             ... on level 7 of the Dungeon.
             The game lasted 00:10:39 (7385 turns).

BigDaddyOpFi the Mimic (Octopode Shapeshifter)      Turns: 7385, Time: 00:10:39

Health: -21/53     AC:  1    Str: 17    XL:     9   Next: 29%
Magic:  9/9        EV: 16    Int: 11    God:
Gold:   332        SH:  9    Dex: 15    Spells: 8/8 levels left

rFire   x .          .
                       - Unarmed
rCold   + . .        f - +2 kite shield
rNeg    . . .        (helmet currently unavailable)
rPois   .            (no amulet)
rElec   .            a - ring of willpower
rCorr   .            h - ring of protection from cold
SInv    .            g - +5 ring of evasion
Will    +....        (no ring)
Stlth   ++           (no ring)
HPRegen 0.28/turn    (no ring)
MPRegen 0.11/turn    (no ring)
                     (no ring)

%: no passive effects
@: beast-form
A: beast (slay +4), almost no armour, amphibious, 8 rings, camouflage 1,
gelatinous body 1, (nimble swimmer 1), tentacles, agile 1, heat vulnerability 1
a: Begin Untransformation


You were on level 7 of the Dungeon.
You were a hulking beast.
You visited 2 branches of the dungeon, and saw 8 of its levels.
You also visited: Sewer.

You collected 332 gold pieces.

Inventory:

Missiles
 j - 4 atropa-tipped darts
Armour
 f - a +2 kite shield (worn)
Jewellery
 a - a ring of willpower (left tentacle)
 g - a +5 ring of evasion (on tentacle)
 h - a ring of protection from cold (right tentacle)
Talismans
 b - a beast talisman
 c - a flux talisman
Wands
 m - a wand of charming (9)
 n - a wand of light (7) (quivered)
 p - a wand of flame (19)
 s - a wand of iceblast (10)
Scrolls
 e - a scroll of enchant weapon {unknown}
 l - 2 scrolls of noise {unknown}
 q - 2 scrolls of immolation
 r - 2 scrolls of teleportation
 t - a scroll of identify {unknown}
 u - a scroll of vulnerability {unknown}
 v - 3 scrolls of amnesia {unknown}
Potions
 d - a potion of enlightenment
 i - a potion of degeneration {unknown}
 k - a potion of curing {unknown}
 o - a potion of heal wounds
 w - a potion of brilliance {unknown}
 x - a potion of lignification


   Skills:
 - Level 1.1 Fighting
 - Level 2.1 Dodging
 - Level 3.0 Unarmed Combat
 + Level 11.3 Shapeshifting


You had 8 spell levels left.
You didn't know any spells.
Your spell library contained the following spells:

 Spells                   Type           Power      Damage    Failure   Level
 Freeze                   Ice            0%         1d3       75%         1
 Kiss of Death            Conj/Necr      0%         2d5       75%         1
 Confusing Touch          Hex            0%         N/A       98%         3
 Frozen Ramparts          Ice            0%         1d1       98%         3
 Hailstorm                Conj/Ice       0%         3d5       98%         3
 Inner Flame              Hex/Fire       0%         N/A       98%         3
 Summon Ice Beast         Ice/Summ       0%         N/A       98%         3
 Dispel Undead            Necr           0%         3d6       100%        4
 Flame Wave               Conj/Fire      0%         2d4       100%        4
 Sticky Flame             Fire/Alch      0%         2d4       100%        4
 Sculpt Simulacrum        Ice/Alch       0%         N/A       100%        6


Dungeon Overview and Level Annotations

Branches:
Dungeon (7/15)             Temple (1/1) D:4           Sewer (visited)

Altars:
Ashenzari
Cheibriados
Dithmenos
Elyvilon
Fedhas
Gozag
Hepliaklqana
Kikubaaqudgha
Nemelex Xobeh
Okawaru
Qazlal
Ru
Sif Muna
Trog
Uskayaw
Vehumet
Xom
Yredelemnul
Zin
The Shining One

Shops:
D:2 [

Annotations:
D:7 Maggie


Innate Abilities, Weirdness & Mutations

You are a hulking beast.
Your limbs bulge with bestial killing power. (Slay +4)
You cannot wear most types of armour.
You are amphibious.
You can wear up to eight rings at the same time.
Your skin changes colour to match your surroundings (Stealth+).
Your rubbery body absorbs attacks. (AC +1, EV +1)
((You are camouflaged when in or above water. (Stealth+)))
You have tentacles for arms and can constrict up to eight enemies at once.
You are agile. (Dex +4, Str/Int -1)
You are vulnerable to heat. (rF-)


Message History

You tentacle-slap the orc.
You kill the orc!
Items here: ( )))) [[[ †††.
Found a viscous cyan potion.
w - a viscous cyan potion
x - a potion of lignification No target in view!
Found a whip.
No target in view!
You see here 5 stones.
Done exploring.
No target in view!
Done exploring.
No target in view!
Done exploring.
No target in view!
Done exploring.
No target in view!
Done exploring.
There is a stone staircase leading down here.
You climb downwards.
Found a runed great mace and a shortbow.
There is a stone staircase leading up here.
A centaur is nearby!
The centaur wields a +0 orcbow.
The centaur shoots an arrow.
You block the arrow.
Maggie the Vainglorious comes into view.
She is wielding a +0 morningstar.
The centaur shoots an arrow.
You block the arrow.
The centaur shoots an arrow.
You block the arrow.
The centaur shoots an arrow.
The arrow hits you.
Maggie points at you and mumbles some strange words.
The bolt of fire hits you!! The fire burns you terribly!
The centaur shoots an arrow.
The arrow barely misses you.
The centaur shoots an arrow.
You block the arrow.
The centaur shoots an arrow.
The arrow hits you!
The centaur shoots an arrow.
You block the arrow. Maggie casts a spell at you. The bolt of fire hits you!!!
The fire burns you terribly!
Ouch! That really hurt!
You die...

#....#... .#
#.....c.. .#
.......@# .#####
........##......
................
...............#
............)..#
................
........h....###
..##..###....# .
### .......
)...#.. ...## .
.... .....
.#....


You could see Maggie and a centaur.

Vanquished Creatures
  Grinder (D:6)
  Edmund (D:5)
  A black bear (D:4)
  An ice beast (D:6)
  2 phantoms (D:5)
  The ghost of SchramBam the Chiller, an amateur MfIE (D:3)
  3 bullfrogs
  A kobold brigand (D:3)
  A gnoll sergeant (D:5)
  3 scorpions
  A bombardier beetle (D:5)
  4 orc priests
  6 hounds
  2 jellies (D:6)
  2 sleepcaps
  2 iguanas (D:5)
  4 orc wizards
  8 adders
  6 gnolls
  A river rat (D:3)
  10 dart slugs
  15 orcs
  10 endoplasms
  15 giant cockroaches
  9 goblins
  8 hobgoblins
  3 jackals (D:4)
  2 quokkas
  17 ball pythons
  10 bats
  17 frilled lizards
  15 kobolds
  4 rats
186 creatures vanquished.

Notes
Turn   | Place    | Note
-------+----------+-------------------------------------------
     0 | D:1      | BigDaddyOpFi the Octopode Shapeshifter began the quest for
                  | the Orb.
     0 | D:1      | Reached XP level 1. HP: 13/13 MP: 1/1
    56 | D:1      | Reached XP level 2. HP: 15/18 MP: 2/2
   599 | D:1      | Reached XP level 3. HP: 20/23 MP: 3/3
   599 | D:1      | Found a faded altar of an unknown god.
   861 | D:2      | Reached skill level 4 in Shapeshifting
  1047 | D:2      | Found Weumeteg's Antique Armour Shop.
  1446 | D:3      | Found a runed translucent gate.
  1446 | D:3      | Found a runed translucent gate.
  1446 | D:3      | Found a runed translucent gate.
  1450 | D:3      | Noticed SchramBam's ghost (amateur MfIE)
  1452 | D:3      | Noticed a kobold brigand
  1524 | D:3      | Reached XP level 4. HP: 11/28 MP: 4/4
  1597 | D:3      | Found a glowing drain.
  1602 | Sewer    | Entered a sewer
  1782 | Sewer    | Reached skill level 5 in Shapeshifting
  1802 | Sewer    | Reached XP level 5. HP: 33/33 MP: 5/5
  1924 | Sewer    | Reached skill level 6 in Shapeshifting
  1924 | Sewer    | Reached XP level 6. HP: 15/38 MP: 6/6
  3034 | D:3      | Reached skill level 7 in Shapeshifting
  3034 | D:3      | Reached XP level 7. HP: 9/43 MP: 7/7
  3036 | D:3      | Gained mutation: You are vulnerable to heat. (rF-) [potion
                  | of mutation]
  3036 | D:3      | Gained mutation: You are agile. (Dex +4, Str/Int -1)
                  | [potion of mutation]
  3513 | D:3      | Found a glowing golden altar of the Shining One.
  3731 | D:3      | Killed SchramBam's ghost
  4212 | D:4      | Found a staircase to the Ecumenical Temple.
  4311 | Temple   | Entered the Ecumenical Temple
  4482 | D:4      | Reached skill level 8 in Shapeshifting
  4735 | D:4      | Reached XP level 8. HP: 34/48 MP: 8/8
  5153 | D:5      | Entered Level 5 of the Dungeon
  5158 | D:5      | Noticed Edmund
  5175 | D:5      | Reached skill level 9 in Shapeshifting
  5193 | D:5      | Killed Edmund
  5921 | D:5      | Reached skill level 10 in Shapeshifting
  6560 | D:6      | Found an opulent altar of Gozag.
  6612 | D:6      | Noticed Grinder
  6614 | D:6      | Found a stormy altar of Qazlal.
  6617 | D:6      | Noticed a water elemental
  6617 | D:6      | Noticed an air elemental
  6623 | D:6      | Killed Grinder
  6624 | D:6      | Reached XP level 9. HP: 53/53 MP: 9/9
  6841 | D:6      | Reached skill level 11 in Shapeshifting
  7381 | D:7      | Noticed Maggie
  7385 | D:7      | Killed from afar by Maggie

Illustrated notes

Levels and vault maps discovered:
D:1:      ebering_trefoil_twist, layout_basic,
          hellmonk_ecumenical_altar_inner_sanctum
D:2:      layout_rooms, serial_shops, shop
D:3:      layout_loops_ring, lemuel_crystal_altar,
          gammafunk_ghost_nasty_kobolds, gup_sewer_entry_bowl,
          serial_bayou_pond_a
D:4:      layout_cave_pools, minmay_temple_entry_glass, minivault_23,
          grunt_tough_drop
D:5:      layout_basic, gammafunk_ghost_stat_death, due_unseen_surprise,
          uniq_edmund
D:6:      layout_loops_cross, nicolae_qazlal_style_of_elements,
          amcnicky_altar_gilded, uniq_grinder
D:7:      layout_cave_pools, mainiacjoe_overflow_two_lobes, uniq_maggie,
          uniq_jeremiah
Temple:   minmay_crystal_spiral_temple

Skill      XL: |  1  2  3  4  5  6  7  8  9 |
---------------+----------------------------+-----
Shapeshifting  | 4 5 6 7 8 10 11 | 11.3
Fighting       | |  1.1
Dodging        | |  2.1
Unarmed Combat | |  3.0

Action                     |  1- 3 |  4- 6 |  7- 9 || total
---------------------------+-------+-------+-------++-------
  Melee: Unarmed           |    78 |   122 |   201 ||   401
         Constrict         |    21 |    41 |    45 ||   107
         Tentacles         |    17 |    34 |    59 ||   110
         Punch             |     2 |     3 |     6 ||    11
  Evoke: Wand              |       |       |     5 ||     5
    Use: Scroll            |     2 |     2 |     2 ||     6
         Potion            |       |     4 |     2 ||     6
   Stab: Sleeping          |    13 |     2 |     6 ||    21
 Armour: Skin              |    29 |    66 |    82 ||   177
  Dodge: Dodged            |    36 |    59 |    92 ||   187
  Block: Kite shield       |    11 |    70 |    86 ||   167
